[ AOE2 MATCH · #478163535 ]
UnrankedTeutons vs Mongols
[ REPLAY ANALYSIS · EXTRACTED FROM THE RECORDED GAME ]
Feudal
15:52
Castle
21:03
Imperial
47:54
| APM avg | 30.9 |
| APM peak | 75 |
| eAPM avg | 18.5 |
| Villagers / military | 143 / 456 |
Focus
⚔️ 38.4% · 🌾 61.6%
Knight ×336 · Scout Cavalry ×113 · Trebuchet (Packed) ×7
Feudal
14:02
Castle
18:37
Imperial
48:34
| APM avg | 41.4 |
| APM peak | 77 |
| eAPM avg | 25.5 |
| Villagers / military | 258 / 290 |
Focus
⚔️ 32.9% · 🌾 67.1%
Scout Cavalry ×196 · Knight ×64 · Trade Cart ×27 · Skirmisher ×21 · Bombard Cannon ×5 · Scorpion ×2
Feudal
14:56
Castle
19:17
Imperial
42:03
| APM avg | 20.4 |
| APM peak | 87 |
| eAPM avg | 10.5 |
| Villagers / military | 207 / 242 |
Focus
⚔️ 26.8% · 🌾 73.2%
Skirmisher ×80 · Scout Cavalry ×80 · Mangudai ×55 · Mangonel ×10 · Archer ×5 · Battering Ram ×5
Feudal
14:02
Castle
19:25
Imperial
33:36
| APM avg | 25.0 |
| APM peak | 68 |
| eAPM avg | 15.6 |
| Villagers / military | 132 / 349 |
Focus
⚔️ 30.5% · 🌾 69.5%
Genoese Crossbowman ×215 · Scout Cavalry ×106 · Bombard Cannon ×22 · Fishing Ship ×7 · Trebuchet (Packed) ×6
Feudal
16:04
Castle
40:20
Imperial
—
| APM avg | 31.6 |
| APM peak | 102 |
| eAPM avg | 17.3 |
| Villagers / military | 96 / 159 |
Focus
⚔️ 30.7% · 🌾 69.3%
Skirmisher ×103 · Spearman ×56 · Unknown (2550) ×1
Feudal
15:23
Castle
27:59
Imperial
46:44
| APM avg | 48.5 |
| APM peak | 74 |
| eAPM avg | 18.1 |
| Villagers / military | 174 / 294 |
Focus
⚔️ 24.2% · 🌾 75.8%
Scout Cavalry ×121 · Archer ×101 · Mangudai ×28 · Skirmisher ×25 · Battering Ram ×10 · Trebuchet (Packed) ×6
Feudal
12:49
Castle
18:28
Imperial
39:48
| APM avg | 28.5 |
| APM peak | 97 |
| eAPM avg | 14.1 |
| Villagers / military | 225 / 259 |
Focus
⚔️ 40.9% · 🌾 59.1%
Skirmisher ×125 · Scout Cavalry ×67 · Cavalry Archer ×66 · Trade Cart ×9 · Monk ×1
Feudal
15:19
Castle
20:56
Imperial
39:42
| APM avg | 39.7 |
| APM peak | 90 |
| eAPM avg | 18.1 |
| Villagers / military | 207 / 322 |
Focus
⚔️ 45.9% · 🌾 54.1%
Conquistador ×176 · Skirmisher ×98 · Scout Cavalry ×41 · Bombard Cannon ×6 · Trebuchet (Packed) ×1
Match map
Initial resources + every placement click. Lines = walls · curves = elevation contours. ◆ gold · ⬟ stone · ● berries · ✦ relic · ◌ wall gap
Your base· Open — unwalled flank
法式奶油煎餅佐奶油泥's base· Open — unwalled flank
Mora's base· Open — unwalled flank
AI (HD Version)'s base· Open — unwalled flank
tomtom's base· Open — 3t gap
Lil' Bị's base· Open — unwalled flank
CARANZA's base· Open — unwalled flank
Vhl.Insanity's base· Open — unwalled flank
Smoothed initial terrain · ◌ = detected wall gap · hover for details
Inputs per minute
— MorikawaKouichi - - 法式奶油煎餅佐奶油泥
Build order — MorikawaKouichi
First 150 of 472 actions detected
| 0:43 | Build | Town Center |
| 3:15 | Create | Villager (Male) |
| 3:15 | Create | Villager (Male) |
| 3:16 | Create | Villager (Male) |
| 3:16 | Create | Villager (Male) |
| 3:16 | Create | Villager (Male) |
| 4:11 | Build | House |
| 4:14 | Build | House |
| 5:27 | Create | Villager (Male) |
| 5:27 | Create | Villager (Male) |
| 5:39 | Create | Villager (Male) |
| 5:39 | Create | Villager (Male) |
| 6:20 | Create | Villager (Male) |
| 6:21 | Create | Villager (Male) |
| 6:54 | Create | Villager (Male) |
| 6:54 | Create | Villager (Male) |
| 6:55 | Create | Villager (Male) |
| 7:14 | Create | Villager (Male) |
| 7:14 | Create | Villager (Male) |
| 7:21 | Build | Mill |
| 7:40 | Create | Villager (Male) |
| 7:40 | Create | Villager (Male) |
| 7:50 | Build | House |
| 8:17 | Create | Villager (Male) |
| 8:17 | Create | Villager (Male) |
| 8:38 | Create | Villager (Male) |
| 8:38 | Create | Villager (Male) |
| 8:52 | Create | Villager (Male) |
| 8:53 | Create | Villager (Male) |
| 9:06 | Create | Villager (Male) |
| 9:06 | Create | Villager (Male) |
| 9:26 | Create | Villager (Male) |
| 9:26 | Create | Villager (Male) |
| 9:30 | Build | House |
| 9:36 | Create | Villager (Male) |
| 9:36 | Create | Villager (Male) |
| 9:43 | Build | Lumber Camp |
| 10:21 | Create | Villager (Male) |
| 10:25 | Create | Villager (Male) |
| 10:31 | Create | Villager (Male) |
| 10:56 | Create | Villager (Male) |
| 11:13 | Create | Villager (Male) |
| 11:55 | Create | Villager (Male) |
| 12:22 | Create | Villager (Male) |
| 12:38 | Build | Barracks |
| 12:43 | Build | House |
| 12:45 | Build | Barracks |
| 12:52 | Build | Farm |
| 13:14 | Build | House |
| 13:42 | Research | Feudal Age |
| 13:43 | Research | Feudal Age |
| 13:47 | Build | House |
| 14:17 | Build | Palisade Wall |
| 14:18 | Build | Palisade Wall |
| 14:20 | Build | Palisade Gate |
| 14:25 | Build | House |
| 14:29 | Build | Palisade Wall |
| 14:34 | Build | Palisade Wall |
| 14:35 | Build | Palisade Gate |
| 14:50 | Create | Villager (Male) |
| 14:51 | Create | Villager (Male) |
| 15:52 | Age | Feudal Age |
| 15:59 | Build | Stable |
| 16:05 | Create | Villager (Male) |
| 16:11 | Build | Stone Wall |
| 16:13 | Build | Gate |
| 16:17 | Build | Stone Wall |
| 16:19 | Build | Gate |
| 16:24 | Create | Villager (Male) |
| 16:31 | Build | Stone Wall |
| 16:35 | Create | Villager (Male) |
| 16:45 | Build | Stone Wall |
| 16:50 | Build | Stone Wall |
| 16:51 | Build | Stone Wall |
| 16:59 | Build | Stone Wall |
| 17:02 | Build | Gate |
| 17:04 | Create | Villager (Male) |
| 17:13 | Create | Villager (Male) |
| 17:29 | Build | Blacksmith |
| 17:36 | Create | Villager (Male) |
| 17:52 | Create | Villager (Male) |
| 18:17 | Research | Castle Age |
| 18:17 | Research | Castle Age |
| 18:25 | Build | House |
| 18:28 | Build | Stone Wall |
| 18:39 | Build | Farm |
| 18:42 | Create | Villager (Male) |
| 19:05 | Build | Stone Wall |
| 19:11 | Build | Stone Wall |
| 19:19 | Create | Villager (Male) |
| 19:35 | Build | Stable |
| 19:41 | Build | Stable |
| 19:43 | Create | Villager (Male) |
| 19:50 | Research | Double-Bit Axe |
| 20:03 | Build | Mining Camp |
| 20:08 | Build | House |
| 20:10 | Build | House |
| 20:12 | Build | Gate |
| 20:16 | Build | Stone Wall |
| 20:19 | Build | Gate |
| 20:35 | Build | Farm |
| 20:35 | Build | Farm |
| 20:48 | Research | Scale Barding Armor |
| 21:03 | Age | Castle Age |
| 21:06 | Create | Villager (Male) |
| 21:30 | Build | Farm |
| 21:35 | Create | Knight ×2 |
| 21:35 | Create | Knight ×2 |
| 22:03 | Build | Farm |
| 22:10 | Create | Knight |
| 22:10 | Create | Knight |
| 22:15 | Build | House |
| 22:18 | Build | House |
| 22:21 | Create | Knight |
| 22:21 | Create | Knight |
| 22:29 | Create | Villager (Male) |
| 22:50 | Create | Villager (Male) |
| 22:54 | Build | Farm |
| 22:57 | Build | Farm |
| 23:06 | Build | Town Center |
| 23:13 | Create | Villager (Male) |
| 23:20 | Create | Knight |
| 23:20 | Create | Knight |
| 23:24 | Build | House |
| 23:34 | Create | Villager (Male) |
| 24:17 | Create | Villager (Male) |
| 24:19 | Create | Villager (Male) |
| 24:20 | Create | Villager (Male) |
| 24:20 | Create | Villager (Male) |
| 24:31 | Build | Farm |
| 24:38 | Create | Villager (Male) |
| 24:42 | Build | Farm |
| 24:50 | Create | Knight ×2 |
| 24:50 | Create | Knight ×2 |
| 24:56 | Create | Villager (Male) |
| 25:01 | Create | Knight |
| 25:01 | Create | Knight |
| 25:19 | Research | Gold Mining |
| 25:19 | Research | Gold Mining |
| 25:19 | Research | Gold Mining |
| 25:19 | Research | Gold Mining |
| 25:42 | Research | Loom |
| 25:43 | Create | Villager (Male) |
| 25:43 | Create | Villager (Male) |
| 26:12 | Build | Farm |
| 26:12 | Build | Farm |
| 26:13 | Build | Farm |
| 26:13 | Build | Farm |
| 26:13 | Build | Farm |
| 26:14 | Build | Farm |
Build order — 法式奶油煎餅佐奶油泥
First 150 of 695 actions detected
| 0:13 | Build | Town Center |
| 0:31 | Build | House |
| 2:26 | Create | Villager (Male) |
| 2:26 | Create | Villager (Male) |
| 2:26 | Create | Villager (Male) |
| 2:40 | Create | Villager (Male) |
| 2:40 | Create | Villager (Male) |
| 3:37 | Build | House |
| 3:45 | Create | Villager (Male) |
| 3:45 | Create | Villager (Male) |
| 3:54 | Build | House |
| 4:04 | Build | Lumber Camp |
| 4:18 | Create | Villager (Male) |
| 4:18 | Create | Villager (Male) |
| 5:00 | Create | Villager (Male) |
| 5:00 | Create | Villager (Male) |
| 5:21 | Create | Villager (Male) |
| 5:22 | Create | Villager (Male) |
| 5:22 | Create | Villager (Male) |
| 5:24 | Build | House |
| 5:25 | Research | Loom |
| 5:25 | Research | Loom |
| 5:27 | Create | Villager (Male) |
| 5:28 | Create | Villager (Male) |
| 5:28 | Create | Villager (Male) |
| 5:28 | Create | Villager (Male) |
| 6:05 | Create | Villager (Male) |
| 6:05 | Create | Villager (Male) |
| 6:16 | Create | Villager (Male) |
| 6:17 | Create | Villager (Male) |
| 6:17 | Create | Villager (Male) |
| 6:29 | Build | House |
| 6:41 | Create | Villager (Male) |
| 6:41 | Create | Villager (Male) |
| 7:30 | Create | Villager (Male) |
| 7:30 | Create | Villager (Male) |
| 7:34 | Build | House |
| 7:36 | Build | Mill |
| 8:08 | Create | Villager (Male) |
| 8:11 | Build | House |
| 8:19 | Create | Villager (Male) |
| 8:20 | Create | Villager (Male) |
| 8:26 | Create | Villager (Male) |
| 8:26 | Create | Villager (Male) |
| 8:54 | Create | Villager (Male) |
| 8:54 | Create | Villager (Male) |
| 8:54 | Create | Villager (Male) |
| 9:15 | Create | Villager (Male) |
| 9:15 | Create | Villager (Male) |
| 9:22 | Build | Mining Camp |
| 9:43 | Create | Villager (Male) |
| 9:44 | Create | Villager (Male) |
| 9:44 | Create | Villager (Male) |
| 9:45 | Create | Villager (Male) |
| 9:45 | Create | Villager (Male) |
| 10:25 | Create | Villager (Male) |
| 10:35 | Create | Villager (Male) |
| 10:35 | Create | Villager (Male) |
| 10:53 | Create | Villager (Male) |
| 11:23 | Create | Villager (Male) |
| 11:44 | Research | Feudal Age |
| 11:44 | Research | Feudal Age |
| 12:03 | Build | House |
| 12:18 | Create | Villager (Male) |
| 12:33 | Build | House |
| 12:49 | Build | House |
| 13:05 | Build | House |
| 13:09 | Build | House |
| 13:58 | Build | House |
| 14:02 | Age | Feudal Age |
| 14:08 | Build | Market |
| 14:10 | Build | Blacksmith |
| 14:22 | Create | Villager (Male) |
| 14:38 | Create | Villager (Male) |
| 15:04 | Build | House |
| 15:15 | Build | House |
| 15:16 | Build | Palisade Wall |
| 15:19 | Build | Palisade Wall |
| 15:57 | Research | Castle Age |
| 15:57 | Research | Castle Age |
| 16:20 | Build | Barracks |
| 16:33 | Build | House |
| 16:37 | Build | Farm |
| 16:40 | Build | Farm |
| 16:42 | Build | Farm |
| 17:28 | Research | Scale Barding Armor |
| 17:38 | Build | Stable |
| 17:42 | Build | Stable |
| 17:45 | Build | House |
| 18:12 | Research | Double-Bit Axe |
| 18:12 | Research | Double-Bit Axe |
| 18:31 | Create | Scout Cavalry |
| 18:37 | Age | Castle Age |
| 18:40 | Create | Spearman |
| 18:55 | Build | Palisade Gate |
| 19:06 | Create | Villager (Male) |
| 19:06 | Create | Villager (Male) |
| 19:06 | Create | Villager (Male) |
| 19:14 | Build | Town Center |
| 19:29 | Create | Knight |
| 19:39 | Create | Villager (Male) |
| 19:39 | Create | Villager (Male) |
| 20:07 | Create | Knight |
| 20:15 | Create | Villager (Male) |
| 20:16 | Create | Villager (Male) |
| 20:19 | Build | Farm |
| 20:29 | Create | Villager (Male) |
| 20:48 | Build | Farm |
| 20:48 | Build | Farm |
| 20:58 | Create | Knight |
| 21:00 | Build | Farm |
| 21:07 | Create | Villager (Male) |
| 21:07 | Create | Villager (Male) |
| 21:08 | Create | Villager (Male) |
| 21:10 | Build | Farm |
| 21:12 | Build | Farm |
| 21:21 | Create | Villager (Male) |
| 21:22 | Create | Villager (Male) |
| 21:23 | Build | Farm |
| 21:25 | Build | Farm |
| 21:39 | Create | Knight |
| 21:41 | Build | Farm |
| 21:54 | Create | Villager (Male) |
| 21:54 | Create | Villager (Male) |
| 21:58 | Build | Farm |
| 22:13 | Create | Villager (Male) |
| 22:13 | Create | Knight |
| 22:14 | Create | Knight |
| 22:14 | Create | Villager (Male) |
| 22:17 | Build | Farm |
| 23:00 | Create | Villager (Male) |
| 23:00 | Create | Villager (Male) |
| 23:05 | Build | House |
| 23:07 | Build | House |
| 23:08 | Build | House |
| 23:10 | Build | House |
| 23:10 | Create | Villager (Male) |
| 23:11 | Create | Villager (Male) |
| 23:13 | Build | House |
| 23:14 | Create | Villager (Male) |
| 23:18 | Create | Villager (Male) |
| 23:38 | Create | Knight |
| 24:02 | Create | Villager (Male) |
| 24:03 | Create | Villager (Male) |
| 24:24 | Create | Villager (Male) |
| 24:24 | Create | Villager (Male) |
| 24:26 | Create | Villager (Male) |
| 24:26 | Create | Villager (Male) |
| 24:31 | Build | Siege Workshop |
| 24:37 | Build | Mining Camp |
Build order — Mora
First 150 of 472 actions detected
| 0:53 | Build | Town Center |
| 1:59 | Build | House |
| 3:19 | Create | Villager (Male) |
| 3:19 | Create | Villager (Male) |
| 3:19 | Create | Villager (Male) |
| 3:20 | Create | Villager (Male) |
| 3:56 | Research | Loom |
| 4:35 | Create | Villager (Male) |
| 5:00 | Create | Villager (Male) |
| 5:40 | Create | Villager (Male) |
| 5:55 | Build | Lumber Camp |
| 6:05 | Create | Villager (Male) |
| 6:19 | Build | House |
| 6:57 | Build | House |
| 7:03 | Build | House |
| 7:09 | Create | Villager (Male) |
| 7:10 | Create | Villager (Male) |
| 7:11 | Create | Villager (Male) |
| 7:38 | Create | Villager (Male) |
| 7:59 | Create | Villager (Male) |
| 8:09 | Create | Villager (Male) |
| 8:34 | Create | Villager (Male) |
| 9:08 | Build | Mill |
| 9:20 | Create | Villager (Male) |
| 9:40 | Create | Villager (Male) |
| 9:41 | Create | Villager (Male) |
| 9:42 | Create | Villager (Male) |
| 9:43 | Create | Villager (Male) |
| 10:28 | Build | Mill |
| 10:32 | Create | Villager (Male) |
| 12:11 | Research | Feudal Age |
| 12:25 | Build | Mining Camp |
| 12:32 | Build | Farm |
| 12:35 | Build | Farm |
| 13:35 | Build | Mill |
| 13:45 | Build | House |
| 13:50 | Build | House |
| 13:55 | Create | Villager (Male) |
| 14:56 | Age | Feudal Age |
| 14:59 | Build | Blacksmith |
| 15:00 | Build | Market |
| 15:12 | Create | Villager (Male) |
| 15:47 | Create | Villager (Male) |
| 15:53 | Create | Villager (Male) |
| 16:05 | Build | Farm |
| 16:29 | Research | Castle Age |
| 16:29 | Research | Castle Age |
| 16:37 | Build | Mining Camp |
| 16:51 | Research | Double-Bit Axe |
| 16:55 | Research | Horse Collar |
| 17:39 | Create | Villager (Male) |
| 17:39 | Create | Villager (Male) |
| 18:05 | Build | Farm |
| 18:07 | Build | Farm |
| 18:11 | Build | Farm |
| 18:22 | Build | Farm |
| 18:28 | Build | Farm |
| 18:37 | Research | Stone Mining |
| 19:17 | Age | Castle Age |
| 19:18 | Build | House |
| 19:29 | Build | Town Center |
| 19:35 | Create | Villager (Male) |
| 19:44 | Build | Farm |
| 20:12 | Build | Farm |
| 20:14 | Create | Villager (Male) |
| 20:15 | Create | Villager (Male) |
| 20:42 | Build | Farm |
| 20:43 | Create | Villager (Male) |
| 20:43 | Create | Villager (Male) |
| 20:44 | Create | Villager (Male) |
| 20:49 | Create | Villager (Male) |
| 21:07 | Build | Farm |
| 21:09 | Create | Villager (Male) |
| 21:12 | Create | Villager (Male) |
| 21:24 | Create | Villager (Male) |
| 21:25 | Create | Villager (Male) |
| 21:29 | Build | Farm |
| 21:48 | Build | Barracks |
| 22:13 | Build | Castle |
| 22:30 | Create | Villager (Male) |
| 22:32 | Create | Villager (Male) |
| 22:33 | Create | Villager (Male) |
| 22:33 | Create | Villager (Male) |
| 22:36 | Build | Farm |
| 22:42 | Create | Spearman |
| 22:42 | Create | Spearman |
| 22:48 | Build | Farm |
| 23:09 | Build | Outpost |
| 23:15 | Build | Farm |
| 23:23 | Research | Bow Saw |
| 23:31 | Build | Farm |
| 23:37 | Create | Villager (Male) |
| 23:50 | Create | Villager (Male) |
| 24:00 | Build | Palisade Wall |
| 24:06 | Create | Villager (Male) |
| 24:10 | Create | Villager (Male) |
| 24:16 | Build | Farm |
| 24:19 | Create | Spearman |
| 24:31 | Create | Villager (Male) |
| 24:35 | Create | Villager (Male) |
| 24:41 | Build | Farm |
| 24:50 | Build | House |
| 24:51 | Build | House |
| 24:52 | Build | House |
| 24:57 | Build | Palisade Wall |
| 25:00 | Create | Villager (Male) |
| 25:02 | Create | Villager (Male) |
| 25:09 | Build | Farm |
| 25:10 | Build | Farm |
| 25:10 | Build | Farm |
| 25:10 | Build | Farm |
| 25:10 | Build | Farm |
| 25:11 | Build | Farm |
| 25:21 | Build | Farm |
| 25:22 | Create | Villager (Male) |
| 25:24 | Create | Villager (Male) |
| 25:36 | Build | Farm |
| 25:39 | Create | Villager (Male) |
| 25:49 | Build | Outpost |
| 25:55 | Build | Palisade Wall |
| 26:05 | Create | Villager (Male) |
| 26:10 | Research | Wheelbarrow |
| 26:14 | Research | Town Watch |
| 26:35 | Research | Heavy Plow |
| 26:59 | Create | Villager (Male) |
| 27:00 | Create | Villager (Male) |
| 27:00 | Create | Villager (Male) |
| 27:01 | Create | Villager (Male) |
| 27:16 | Create | Villager (Male) |
| 27:16 | Create | Villager (Male) |
| 27:35 | Create | Villager (Male) |
| 27:36 | Create | Villager (Male) |
| 28:02 | Build | Mining Camp |
| 28:06 | Create | Villager (Male) |
| 28:07 | Create | Villager (Male) |
| 28:13 | Build | Town Center |
| 28:32 | Build | Stone Wall |
| 28:51 | Create | Villager (Male) |
| 28:51 | Create | Villager (Male) |
| 28:52 | Create | Villager (Male) |
| 28:53 | Create | Villager (Male) |
| 28:54 | Create | Villager (Male) |
| 28:54 | Create | Villager (Male) |
| 29:05 | Build | Outpost |
| 29:14 | Build | Siege Workshop |
| 29:16 | Build | Stable |
| 29:23 | Research | Hand Cart |
| 29:24 | Research | Town Patrol |
| 29:29 | Research | Hand Cart |
| 29:30 | Create | Villager (Male) |
Build order — AI (HD Version)
First 150 of 485 actions detected
| 0:33 | Build | Town Center |
| 1:03 | Build | Lumber Camp |
| 1:42 | Build | House |
| 2:39 | Build | House |
| 2:41 | Create | Villager (Male) |
| 2:42 | Create | Villager (Male) |
| 2:43 | Create | Villager (Male) |
| 2:47 | Create | Villager (Male) |
| 4:22 | Create | Villager (Male) |
| 4:30 | Build | House |
| 4:32 | Create | Villager (Male) |
| 5:05 | Build | Mill |
| 5:11 | Create | Villager (Male) |
| 5:11 | Create | Villager (Male) |
| 5:27 | Create | Villager (Male) |
| 5:50 | Create | Villager (Male) |
| 6:15 | Create | Villager (Male) |
| 6:34 | Build | House |
| 6:38 | Create | Villager (Male) |
| 6:54 | Create | Villager (Male) |
| 7:13 | Create | Villager (Male) |
| 7:32 | Create | Villager (Male) |
| 7:36 | Build | Lumber Camp |
| 8:09 | Create | Villager (Male) |
| 8:33 | Create | Villager (Male) |
| 8:41 | Build | House |
| 9:07 | Create | Villager (Male) |
| 9:30 | Create | Villager (Male) |
| 9:48 | Create | Villager (Male) |
| 9:52 | Build | Mining Camp |
| 10:12 | Create | Villager (Male) |
| 10:40 | Create | Villager (Male) |
| 11:20 | Research | Loom |
| 11:21 | Research | Feudal Age |
| 11:40 | Build | House |
| 11:42 | Build | House |
| 12:48 | Build | Barracks |
| 13:39 | Build | Mill |
| 13:49 | Create | Villager (Male) |
| 13:49 | Create | Villager (Male) |
| 13:57 | Create | Villager (Male) |
| 14:02 | Age | Feudal Age |
| 14:48 | Build | Blacksmith |
| 14:52 | Build | Market |
| 14:56 | Create | Villager (Male) |
| 15:27 | Create | Villager (Male) |
| 16:06 | Create | Villager (Male) |
| 16:45 | Research | Castle Age |
| 16:45 | Research | Castle Age |
| 17:32 | Research | Double-Bit Axe |
| 18:54 | Create | Villager (Male) |
| 18:54 | Create | Villager (Male) |
| 18:58 | Build | Mill |
| 19:20 | Create | Villager (Male) |
| 19:20 | Create | Villager (Male) |
| 19:25 | Age | Castle Age |
| 19:26 | Research | Bow Saw |
| 19:50 | Build | Castle |
| 20:11 | Research | Horse Collar |
| 20:19 | Create | Villager (Male) |
| 20:22 | Build | Town Center |
| 20:46 | Create | Villager (Male) |
| 20:55 | Build | Dock |
| 21:27 | Create | Villager (Male) |
| 21:27 | Create | Villager (Male) |
| 21:30 | Create | Villager (Male) |
| 21:34 | Create | Villager (Male) |
| 21:37 | Create | Fishing Ship |
| 21:47 | Create | Villager (Male) |
| 21:52 | Build | Town Center |
| 22:05 | Create | Villager (Male) |
| 22:18 | Create | Villager (Male) |
| 22:21 | Build | Fish Trap |
| 22:23 | Build | Farm |
| 22:25 | Create | Villager (Male) |
| 22:27 | Create | Fishing Ship |
| 22:37 | Build | Farm |
| 22:38 | Build | Farm |
| 22:40 | Build | Farm |
| 22:43 | Build | Farm |
| 22:46 | Create | Villager (Male) |
| 22:47 | Create | Villager (Male) |
| 22:56 | Create | Genoese Crossbowman |
| 22:56 | Create | Genoese Crossbowman |
| 23:07 | Build | Farm |
| 23:12 | Build | Farm |
| 23:15 | Build | Fish Trap |
| 23:17 | Create | Fishing Ship |
| 23:20 | Create | Villager (Male) |
| 23:44 | Create | Genoese Crossbowman |
| 23:45 | Create | Genoese Crossbowman |
| 23:45 | Create | Genoese Crossbowman |
| 23:50 | Create | Villager (Male) |
| 23:58 | Create | Villager (Male) |
| 24:00 | Create | Villager (Male) |
| 24:00 | Create | Villager (Male) |
| 24:07 | Build | Fish Trap |
| 24:11 | Create | Fishing Ship |
| 24:22 | Create | Villager (Male) |
| 24:31 | Build | Farm |
| 24:33 | Create | Villager (Male) |
| 24:46 | Create | Villager (Male) |
| 24:55 | Create | Villager (Male) |
| 25:01 | Build | Fish Trap |
| 25:02 | Create | Fishing Ship |
| 25:09 | Create | Villager (Male) |
| 25:10 | Build | Farm |
| 25:19 | Build | House |
| 25:20 | Build | House |
| 25:21 | Build | House |
| 25:24 | Create | Villager (Male) |
| 25:32 | Build | Mining Camp |
| 25:36 | Create | Villager (Male) |
| 25:39 | Build | Farm |
| 25:41 | Create | Villager (Male) |
| 25:43 | Create | Fishing Ship |
| 25:46 | Build | Fish Trap |
| 25:51 | Create | Villager (Male) |
| 25:51 | Create | Villager (Male) |
| 25:55 | Create | Genoese Crossbowman |
| 25:56 | Create | Genoese Crossbowman |
| 26:16 | Build | Farm |
| 26:18 | Create | Villager (Male) |
| 26:20 | Create | Villager (Male) |
| 26:20 | Create | Villager (Male) |
| 26:27 | Build | Fish Trap |
| 26:31 | Create | Fishing Ship |
| 26:37 | Create | Villager (Male) |
| 26:38 | Create | Villager (Male) |
| 26:41 | Build | House |
| 26:41 | Build | House |
| 26:42 | Build | House |
| 26:49 | Create | Villager (Male) |
| 27:07 | Research | Fletching |
| 27:25 | Create | Genoese Crossbowman |
| 27:25 | Create | Genoese Crossbowman |
| 27:25 | Create | Genoese Crossbowman |
| 27:27 | Create | Genoese Crossbowman |
| 27:48 | Create | Villager (Male) |
| 27:50 | Create | Villager (Male) |
| 27:55 | Create | Genoese Crossbowman |
| 27:59 | Create | Genoese Crossbowman |
| 28:00 | Create | Villager (Male) |
| 28:02 | Create | Villager (Male) |
| 28:11 | Build | Fish Trap |
| 28:12 | Create | Villager (Male) |
| 28:13 | Create | Villager (Male) |
| 28:19 | Create | Villager (Male) |
| 28:20 | Create | Villager (Male) |
| 28:23 | Build | Lumber Camp |
Build order — tomtom
First 150 of 419 actions detected
| 0:18 | Build | Town Center |
| 2:55 | Create | Villager (Male) |
| 2:55 | Create | Villager (Male) |
| 2:59 | Create | Villager (Male) |
| 3:00 | Create | Villager (Male) |
| 3:05 | Build | House |
| 3:36 | Build | House |
| 3:43 | Build | House |
| 3:48 | Build | House |
| 4:24 | Create | Villager (Male) |
| 4:24 | Create | Villager (Male) |
| 4:55 | Build | Settlement |
| 5:12 | Create | Villager (Male) |
| 5:13 | Create | Villager (Male) |
| 5:35 | Create | Villager (Male) |
| 5:35 | Create | Villager (Male) |
| 6:36 | Create | Villager (Male) |
| 6:36 | Create | Villager (Male) |
| 6:47 | Create | Villager (Male) |
| 7:46 | Create | Villager (Male) |
| 7:46 | Create | Villager (Male) |
| 8:04 | Create | Villager (Male) |
| 8:30 | Create | Villager (Male) |
| 8:46 | Create | Villager (Male) |
| 9:31 | Create | Villager (Male) |
| 9:47 | Create | Villager (Male) |
| 9:48 | Create | Villager (Male) |
| 10:42 | Create | Villager (Male) |
| 10:44 | Create | Villager (Male) |
| 11:31 | Build | Settlement |
| 11:36 | Create | Villager (Male) |
| 12:00 | Create | Villager (Male) |
| 12:17 | Build | Settlement |
| 12:24 | Research | Loom |
| 13:13 | Create | Villager (Male) |
| 13:55 | Research | Feudal Age |
| 13:55 | Research | Feudal Age |
| 16:04 | Age | Feudal Age |
| 16:09 | Build | Watch Tower |
| 16:11 | Create | Villager (Male) |
| 16:22 | Build | Blacksmith |
| 16:30 | Build | House |
| 16:32 | Build | House |
| 16:51 | Research | Scale Mail Armor |
| 17:09 | Build | Watch Tower |
| 17:20 | Build | Farm |
| 17:21 | Build | Farm |
| 17:21 | Build | Farm |
| 17:21 | Build | Farm |
| 17:32 | Research | Double-Bit Axe |
| 18:07 | Build | Farm |
| 18:07 | Build | Farm |
| 18:08 | Build | Farm |
| 18:43 | Build | Farm |
| 18:43 | Build | Farm |
| 18:43 | Build | Farm |
| 19:35 | Create | Villager (Male) |
| 19:55 | Create | Villager (Male) |
| 20:11 | Build | Farm |
| 20:25 | Create | Villager (Male) |
| 20:29 | Build | Farm |
| 24:28 | Build | Market |
| 26:06 | Build | Town Center |
| 26:31 | Build | Town Center |
| 28:46 | Create | Villager (Male) |
| 28:47 | Create | Villager (Male) |
| 30:35 | Create | Villager (Male) |
| 30:50 | Build | Farm |
| 30:54 | Build | Farm |
| 31:01 | Build | Farm |
| 31:08 | Build | Farm |
| 31:10 | Build | Farm |
| 31:12 | Build | Farm |
| 31:16 | Build | Farm |
| 31:25 | Create | Villager (Male) |
| 31:25 | Create | Villager (Male) |
| 31:43 | Build | Farm |
| 31:46 | Build | Farm |
| 31:47 | Create | Villager (Male) |
| 32:03 | Build | Settlement |
| 32:05 | Create | Villager (Male) |
| 32:11 | Build | Farm |
| 32:17 | Create | Villager (Male) |
| 32:51 | Create | Villager (Male) |
| 33:17 | Create | Villager (Male) |
| 33:37 | Build | Farm |
| 33:43 | Build | Farm |
| 33:49 | Build | Farm |
| 33:55 | Create | Villager (Male) |
| 34:02 | Build | Farm |
| 34:32 | Create | Villager (Male) |
| 34:36 | Research | Wheelbarrow |
| 34:40 | Build | Farm |
| 35:23 | Build | Farm |
| 35:45 | Create | Villager (Male) |
| 35:54 | Build | Farm |
| 36:10 | Create | Villager (Male) |
| 36:34 | Build | Farm |
| 37:15 | Create | Villager (Male) |
| 37:35 | Research | Castle Age |
| 37:35 | Research | Castle Age |
| 40:14 | Create | Villager (Male) |
| 40:20 | Age | Castle Age |
| 40:48 | Build | Town Center |
| 41:10 | Research | Bow Saw |
| 41:12 | Create | Villager (Male) |
| 41:19 | Build | House |
| 41:19 | Build | House |
| 41:20 | Build | House |
| 41:20 | Build | House |
| 41:20 | Build | House |
| 41:41 | Research | Hand Cart |
| 41:41 | Research | Hand Cart |
| 41:53 | Research | Horse Collar |
| 41:53 | Research | Horse Collar |
| 42:15 | Create | Villager (Male) |
| 42:15 | Create | Villager (Male) |
| 42:16 | Create | Villager (Male) |
| 42:24 | Build | House |
| 42:27 | Build | Palisade Wall |
| 42:46 | Build | Settlement |
| 42:49 | Create | Villager (Male) |
| 42:59 | Build | Barracks |
| 43:00 | Create | Villager (Male) |
| 43:01 | Create | Villager (Male) |
| 43:01 | Create | Villager (Male) |
| 43:05 | Build | Palisade Wall |
| 43:08 | Build | House |
| 43:10 | Build | Palisade Wall |
| 43:15 | Create | Villager (Male) |
| 43:15 | Create | Villager (Male) |
| 43:33 | Create | Villager (Male) |
| 43:33 | Create | Villager (Male) |
| 43:35 | Build | Farm |
| 43:44 | Build | Farm |
| 43:44 | Build | Farm |
| 43:44 | Build | Farm |
| 43:44 | Build | Farm |
| 44:02 | Create | Villager (Male) |
| 44:16 | Build | Archery Range |
| 44:17 | Build | Archery Range |
| 44:17 | Build | Archery Range |
| 44:18 | Build | Archery Range |
| 44:18 | Build | Archery Range |
| 44:18 | Build | Archery Range |
| 44:30 | Create | Villager (Male) |
| 44:30 | Create | Villager (Male) |
| 44:30 | Create | Villager (Male) |
| 45:04 | Build | Blacksmith |
| 45:11 | Create | Skirmisher |
Build order — Lil' Bị
First 150 of 518 actions detected
| 0:05 | Build | House |
| 0:12 | Build | House |
| 1:04 | Build | Town Center |
| 3:29 | Create | Villager (Male) |
| 3:30 | Create | Villager (Male) |
| 3:30 | Create | Villager (Male) |
| 3:30 | Create | Villager (Male) |
| 3:30 | Create | Villager (Male) |
| 5:02 | Create | Villager (Male) |
| 5:02 | Create | Villager (Male) |
| 5:03 | Create | Villager (Male) |
| 5:19 | Build | Lumber Camp |
| 5:21 | Create | Villager (Male) |
| 5:21 | Create | Villager (Male) |
| 6:27 | Build | House |
| 6:35 | Create | Villager (Male) |
| 6:35 | Create | Villager (Male) |
| 6:35 | Create | Villager (Male) |
| 6:35 | Create | Villager (Male) |
| 7:42 | Build | Outpost |
| 7:48 | Create | Villager (Male) |
| 7:48 | Create | Villager (Male) |
| 7:48 | Create | Villager (Male) |
| 8:21 | Research | Loom |
| 8:32 | Build | Mill |
| 9:03 | Create | Villager (Male) |
| 9:04 | Create | Villager (Male) |
| 9:06 | Create | Villager (Male) |
| 9:12 | Build | House |
| 10:12 | Create | Villager (Male) |
| 10:13 | Create | Villager (Male) |
| 10:23 | Create | Villager (Male) |
| 10:28 | Build | House |
| 10:55 | Create | Villager (Male) |
| 11:10 | Build | Outpost |
| 11:35 | Create | Villager (Male) |
| 11:57 | Build | Palisade Wall |
| 11:59 | Build | Palisade Wall |
| 12:10 | Create | Villager (Male) |
| 12:34 | Build | House |
| 12:39 | Create | Villager (Male) |
| 13:10 | Research | Feudal Age |
| 13:20 | Build | Barracks |
| 15:08 | Create | Villager (Male) |
| 15:08 | Create | Villager (Male) |
| 15:19 | Build | House |
| 15:23 | Age | Feudal Age |
| 15:25 | Research | Double-Bit Axe |
| 15:31 | Create | Militia |
| 16:10 | Build | Archery Range |
| 16:16 | Create | Militia |
| 16:39 | Create | Villager (Male) |
| 16:39 | Create | Villager (Male) |
| 16:39 | Create | Villager (Male) |
| 16:58 | Create | Archer |
| 17:08 | Build | Farm |
| 17:11 | Create | Villager (Male) |
| 17:31 | Build | Farm |
| 17:40 | Build | House |
| 18:23 | Create | Villager (Male) |
| 18:23 | Create | Villager (Male) |
| 18:23 | Create | Villager (Male) |
| 18:24 | Create | Villager (Male) |
| 19:33 | Create | Villager (Male) |
| 19:34 | Create | Villager (Male) |
| 19:45 | Create | Villager (Male) |
| 19:46 | Create | Villager (Male) |
| 19:48 | Create | Archer |
| 19:56 | Create | Villager (Male) |
| 20:03 | Build | Blacksmith |
| 20:10 | Create | Villager (Male) |
| 20:14 | Build | Farm |
| 20:16 | Build | Farm |
| 20:18 | Create | Villager (Male) |
| 20:20 | Build | Farm |
| 20:31 | Create | Archer |
| 20:41 | Build | Mining Camp |
| 20:58 | Build | Outpost |
| 21:01 | Create | Archer |
| 21:06 | Create | Archer |
| 21:26 | Build | House |
| 21:28 | Build | House |
| 21:29 | Build | Palisade Wall |
| 21:33 | Build | Palisade Wall |
| 21:35 | Build | House |
| 21:41 | Build | House |
| 21:43 | Build | House |
| 21:46 | Build | Barracks |
| 22:22 | Build | Farm |
| 22:22 | Build | Farm |
| 22:23 | Build | Farm |
| 22:23 | Build | Farm |
| 23:03 | Build | Farm |
| 23:03 | Build | Farm |
| 23:35 | Create | Archer |
| 23:35 | Create | Archer |
| 23:52 | Build | Palisade Wall |
| 23:57 | Build | Palisade Wall |
| 23:58 | Build | Palisade Gate |
| 24:03 | Build | Farm |
| 24:04 | Create | Villager (Male) |
| 24:05 | Create | Villager (Male) |
| 24:05 | Create | Villager (Male) |
| 24:06 | Create | Villager (Male) |
| 24:07 | Build | Farm |
| 24:12 | Build | Farm |
| 24:41 | Create | Archer |
| 24:58 | Create | Villager (Male) |
| 25:19 | Research | Castle Age |
| 25:29 | Build | Farm |
| 25:32 | Build | Farm |
| 25:37 | Build | Mill |
| 25:38 | Build | Farm |
| 25:43 | Build | Farm |
| 25:47 | Build | Farm |
| 25:48 | Build | Farm |
| 25:58 | Create | Archer |
| 25:58 | Create | Archer |
| 26:01 | Research | Fletching |
| 26:47 | Build | Farm |
| 26:53 | Create | Villager (Male) |
| 26:58 | Research | Padded Archer Armor |
| 27:18 | Build | Archery Range |
| 27:36 | Build | Market |
| 27:50 | Create | Archer |
| 27:59 | Age | Castle Age |
| 28:23 | Build | Town Center |
| 28:30 | Build | Town Center |
| 28:39 | Create | Villager (Male) |
| 28:39 | Create | Villager (Male) |
| 28:39 | Create | Villager (Male) |
| 28:40 | Create | Villager (Male) |
| 28:40 | Create | Villager (Male) |
| 28:40 | Create | Villager (Male) |
| 28:41 | Create | Villager (Male) |
| 28:41 | Create | Villager (Male) |
| 28:41 | Create | Villager (Male) |
| 28:46 | Build | House |
| 28:50 | Build | House |
| 28:54 | Research | Bodkin Arrow |
| 28:55 | Research | Leather Archer Armor |
| 29:17 | Research | Crossbowman (upgrade) |
| 29:26 | Build | Farm |
| 29:28 | Build | Farm |
| 29:32 | Build | Farm |
| 29:45 | Build | House |
| 29:46 | Build | House |
| 29:50 | Create | Villager (Male) |
| 29:50 | Create | Villager (Male) |
| 30:14 | Build | Outpost |
Build order — CARANZA
First 150 of 697 actions detected
| 0:46 | Build | Town Center |
| 2:44 | Create | Villager (Male) |
| 2:44 | Create | Villager (Male) |
| 3:18 | Create | Villager (Male) |
| 3:54 | Research | Loom |
| 3:55 | Create | Villager (Male) |
| 4:18 | Create | Villager (Male) |
| 4:26 | Create | Villager (Male) |
| 5:27 | Create | Villager (Male) |
| 5:48 | Create | Villager (Male) |
| 5:58 | Build | Lumber Camp |
| 6:26 | Create | Villager (Male) |
| 6:27 | Create | Villager (Male) |
| 7:10 | Create | Villager (Male) |
| 7:31 | Create | Villager (Male) |
| 7:59 | Create | Villager (Male) |
| 8:22 | Create | Villager (Male) |
| 8:27 | Build | Mill |
| 8:47 | Create | Villager (Male) |
| 9:12 | Create | Villager (Male) |
| 9:40 | Create | Villager (Male) |
| 10:11 | Create | Villager (Male) |
| 10:31 | Research | Feudal Age |
| 11:41 | Build | Barracks |
| 11:54 | Build | Palisade Wall |
| 11:59 | Build | Palisade Wall |
| 12:03 | Build | Palisade Gate |
| 12:12 | Build | Palisade Wall |
| 12:49 | Age | Feudal Age |
| 12:50 | Create | Villager (Male) |
| 12:52 | Research | Double-Bit Axe |
| 12:53 | Create | Villager (Male) |
| 13:10 | Build | Blacksmith |
| 13:17 | Create | Villager (Male) |
| 13:45 | Create | Villager (Male) |
| 14:12 | Create | Villager (Male) |
| 14:41 | Create | Villager (Male) |
| 14:46 | Build | Archery Range |
| 15:23 | Create | Villager (Male) |
| 15:29 | Build | Stable |
| 15:34 | Build | Palisade Wall |
| 15:38 | Research | Castle Age |
| 16:30 | Research | Fletching |
| 16:30 | Research | Padded Archer Armor |
| 17:48 | Build | Archery Range |
| 17:56 | Research | Bloodlines |
| 18:17 | Create | Villager (Male) |
| 18:28 | Age | Castle Age |
| 18:35 | Create | Cavalry Archer |
| 18:35 | Create | Cavalry Archer |
| 18:59 | Create | Villager (Male) |
| 19:01 | Create | Cavalry Archer |
| 19:01 | Create | Cavalry Archer |
| 19:06 | Build | Town Center |
| 19:14 | Create | Villager (Male) |
| 19:27 | Create | Cavalry Archer |
| 19:29 | Create | Cavalry Archer |
| 19:33 | Create | Villager (Male) |
| 19:53 | Build | Town Center |
| 19:55 | Create | Villager (Male) |
| 19:59 | Create | Cavalry Archer |
| 20:00 | Create | Cavalry Archer |
| 20:01 | Create | Cavalry Archer |
| 20:01 | Create | Cavalry Archer |
| 20:01 | Create | Cavalry Archer |
| 20:01 | Create | Cavalry Archer |
| 20:24 | Create | Cavalry Archer |
| 20:25 | Create | Cavalry Archer |
| 20:27 | Create | Villager (Male) |
| 20:43 | Create | Villager (Male) |
| 20:46 | Build | Farm |
| 20:51 | Build | Farm |
| 21:02 | Create | Villager (Male) |
| 21:14 | Create | Villager (Male) |
| 21:19 | Build | Farm |
| 21:34 | Research | Bodkin Arrow |
| 21:38 | Build | Farm |
| 21:41 | Create | Villager (Male) |
| 21:41 | Create | Villager (Male) |
| 21:47 | Build | Farm |
| 22:00 | Create | Villager (Male) |
| 22:05 | Create | Villager (Male) |
| 22:10 | Build | Farm |
| 22:11 | Build | Farm |
| 22:13 | Create | Villager (Male) |
| 23:09 | Create | Villager (Male) |
| 23:10 | Create | Cavalry Archer |
| 23:11 | Create | Cavalry Archer |
| 23:12 | Create | Cavalry Archer |
| 23:12 | Create | Cavalry Archer |
| 23:15 | Create | Villager (Male) |
| 23:15 | Create | Villager (Male) |
| 23:15 | Create | Villager (Male) |
| 23:16 | Create | Villager (Male) |
| 23:33 | Create | Villager (Male) |
| 23:34 | Create | Villager (Male) |
| 23:35 | Create | Villager (Male) |
| 23:40 | Build | Farm |
| 23:41 | Build | Farm |
| 23:43 | Build | Farm |
| 23:44 | Build | Farm |
| 23:47 | Create | Villager (Male) |
| 23:48 | Create | Villager (Male) |
| 23:49 | Create | Villager (Male) |
| 24:20 | Create | Cavalry Archer |
| 24:21 | Create | Cavalry Archer |
| 24:43 | Create | Villager (Male) |
| 24:45 | Create | Villager (Male) |
| 24:49 | Build | Farm |
| 24:49 | Create | Villager (Male) |
| 25:03 | Build | Palisade Wall |
| 25:09 | Research | Wheelbarrow |
| 25:11 | Create | Villager (Male) |
| 25:18 | Build | Mining Camp |
| 25:28 | Create | Villager (Male) |
| 25:30 | Build | Farm |
| 25:35 | Create | Villager (Male) |
| 25:41 | Create | Villager (Male) |
| 25:44 | Build | Farm |
| 25:57 | Create | Cavalry Archer |
| 25:58 | Create | Cavalry Archer |
| 25:59 | Create | Cavalry Archer |
| 25:59 | Create | Cavalry Archer |
| 26:03 | Create | Villager (Male) |
| 26:10 | Create | Villager (Male) |
| 26:10 | Create | Villager (Male) |
| 26:21 | Create | Cavalry Archer |
| 26:23 | Create | Villager (Male) |
| 26:33 | Research | Horse Collar |
| 26:42 | Create | Villager (Male) |
| 26:48 | Build | Farm |
| 26:49 | Build | Farm |
| 26:51 | Build | Farm |
| 26:51 | Create | Villager (Male) |
| 27:15 | Create | Cavalry Archer |
| 27:16 | Create | Cavalry Archer |
| 27:16 | Create | Cavalry Archer |
| 27:17 | Create | Cavalry Archer |
| 27:18 | Create | Villager (Male) |
| 27:32 | Create | Villager (Male) |
| 27:34 | Create | Villager (Male) |
| 27:36 | Create | Villager (Male) |
| 28:18 | Create | Villager (Male) |
| 28:22 | Research | Leather Archer Armor |
| 28:26 | Create | Cavalry Archer |
| 28:26 | Create | Cavalry Archer |
| 28:27 | Create | Cavalry Archer |
| 28:28 | Create | Cavalry Archer |
| 28:28 | Create | Cavalry Archer |
| 28:36 | Create | Villager (Male) |
Build order — Vhl.Insanity
First 150 of 726 actions detected
| 1:34 | Build | Town Center |
| 2:58 | Build | House |
| 3:31 | Create | Villager (Male) |
| 3:31 | Create | Villager (Male) |
| 3:31 | Create | Villager (Male) |
| 3:32 | Create | Villager (Male) |
| 3:32 | Create | Villager (Male) |
| 3:32 | Create | Villager (Male) |
| 4:54 | Create | Villager (Male) |
| 4:54 | Create | Villager (Male) |
| 5:42 | Build | House |
| 6:03 | Research | Loom |
| 6:05 | Create | Villager (Male) |
| 6:05 | Create | Villager (Male) |
| 6:05 | Create | Villager (Male) |
| 6:27 | Create | Villager (Male) |
| 6:27 | Create | Villager (Male) |
| 6:27 | Create | Villager (Male) |
| 6:40 | Build | Lumber Camp |
| 7:12 | Create | Villager (Male) |
| 7:12 | Create | Villager (Male) |
| 7:17 | Create | Villager (Male) |
| 7:18 | Create | Villager (Male) |
| 7:18 | Create | Villager (Male) |
| 7:51 | Build | House |
| 8:14 | Create | Villager (Male) |
| 8:14 | Create | Villager (Male) |
| 8:42 | Create | Villager (Male) |
| 9:08 | Create | Villager (Male) |
| 9:08 | Create | Villager (Male) |
| 9:32 | Create | Villager (Male) |
| 9:32 | Create | Villager (Male) |
| 9:41 | Create | Villager (Male) |
| 9:41 | Create | Villager (Male) |
| 9:56 | Build | House |
| 9:59 | Create | Villager (Male) |
| 9:59 | Create | Villager (Male) |
| 9:59 | Create | Villager (Male) |
| 11:06 | Create | Villager (Male) |
| 11:07 | Create | Villager (Male) |
| 11:34 | Build | Mill |
| 11:38 | Create | Villager (Male) |
| 11:38 | Create | Villager (Male) |
| 12:19 | Build | Mining Camp |
| 12:22 | Build | House |
| 12:36 | Build | Palisade Wall |
| 12:55 | Research | Feudal Age |
| 13:02 | Build | Palisade Wall |
| 13:03 | Build | Palisade Wall |
| 13:48 | Build | Palisade Wall |
| 13:50 | Build | Palisade Wall |
| 14:28 | Build | Barracks |
| 14:44 | Build | Palisade Wall |
| 15:00 | Build | House |
| 15:07 | Create | Villager (Male) |
| 15:07 | Create | Villager (Male) |
| 15:19 | Age | Feudal Age |
| 15:29 | Build | Stable |
| 15:32 | Create | Villager (Male) |
| 15:47 | Create | Villager (Male) |
| 16:00 | Build | House |
| 16:05 | Build | Palisade Wall |
| 16:21 | Build | Palisade Gate |
| 16:27 | Build | Palisade Wall |
| 16:31 | Build | Palisade Wall |
| 16:34 | Build | Palisade Wall |
| 16:36 | Create | Villager (Male) |
| 17:13 | Build | Mining Camp |
| 17:16 | Create | Villager (Male) |
| 17:18 | Create | Villager (Male) |
| 17:20 | Create | Villager (Male) |
| 17:20 | Create | Villager (Male) |
| 17:41 | Build | Market |
| 18:16 | Research | Castle Age |
| 18:17 | Research | Castle Age |
| 18:19 | Build | House |
| 18:21 | Build | House |
| 18:41 | Research | Double-Bit Axe |
| 18:43 | Research | Horse Collar |
| 20:56 | Age | Castle Age |
| 20:58 | Create | Villager (Male) |
| 20:58 | Create | Villager (Male) |
| 21:16 | Build | Town Center |
| 21:28 | Build | Town Center |
| 21:57 | Create | Villager (Male) |
| 21:57 | Create | Villager (Male) |
| 22:06 | Create | Villager (Male) |
| 22:07 | Create | Villager (Male) |
| 22:07 | Create | Villager (Male) |
| 22:23 | Create | Villager (Male) |
| 22:23 | Create | Villager (Male) |
| 22:29 | Build | Castle |
| 22:40 | Build | Farm |
| 22:44 | Create | Villager (Male) |
| 22:53 | Build | Farm |
| 23:12 | Create | Villager (Male) |
| 23:12 | Create | Villager (Male) |
| 23:12 | Create | Villager (Male) |
| 23:15 | Build | Farm |
| 23:26 | Create | Villager (Male) |
| 23:26 | Create | Villager (Male) |
| 23:26 | Create | Villager (Male) |
| 23:26 | Create | Villager (Male) |
| 23:32 | Build | Farm |
| 23:32 | Build | Farm |
| 24:00 | Research | Husbandry |
| 24:03 | Build | Farm |
| 24:12 | Build | Farm |
| 24:18 | Create | Conquistador |
| 24:19 | Create | Conquistador |
| 24:29 | Create | Villager (Male) |
| 24:52 | Build | Town Center |
| 24:54 | Create | Conquistador |
| 25:03 | Create | Villager (Male) |
| 25:06 | Build | Farm |
| 25:27 | Build | Farm |
| 25:28 | Build | Farm |
| 25:30 | Create | Conquistador |
| 25:40 | Build | Farm |
| 25:41 | Create | Villager (Male) |
| 25:42 | Create | Villager (Male) |
| 25:43 | Create | Villager (Male) |
| 26:06 | Build | Farm |
| 26:09 | Create | Villager (Male) |
| 26:09 | Create | Villager (Male) |
| 26:12 | Create | Conquistador |
| 26:35 | Create | Villager (Male) |
| 26:46 | Build | Mill |
| 26:46 | Build | Farm |
| 26:47 | Build | Farm |
| 26:47 | Build | Farm |
| 26:47 | Build | Farm |
| 26:48 | Build | Farm |
| 27:02 | Create | Villager (Male) |
| 27:02 | Create | Villager (Male) |
| 27:06 | Build | Blacksmith |
| 27:14 | Research | Bloodlines |
| 27:15 | Research | Bloodlines |
| 27:22 | Build | House |
| 27:29 | Create | Conquistador |
| 27:30 | Create | Conquistador |
| 27:39 | Create | Villager (Male) |
| 27:45 | Build | House |
| 27:50 | Build | Farm |
| 27:52 | Create | Villager (Male) |
| 28:01 | Build | Town Center |
| 28:25 | Create | Conquistador |
| 28:29 | Create | Conquistador |
| 29:00 | Create | Villager (Male) |
| 29:00 | Create | Villager (Male) |
Match timeline
| 11:41 | CARANZA · first_building Barracks |
| 11:54 | CARANZA · wall_segment Palisade Wall x4 |
| 11:57 | Lil' Bị · wall_segment Palisade Wall x3 |
| 11:59 | Lil' Bị · wall_segment Palisade Wall x1 |
| 11:59 | CARANZA · wall_segment Palisade Wall x8 |
| 12:12 | CARANZA · wall_segment Palisade Wall x4 |
| 12:36 | Vhl.Insanity · wall_segment Palisade Wall x20 |
| 12:38 | MorikawaKouichi · first_building Barracks |
| 12:48 | AI (HD Version) · first_building Barracks |
| 12:49 | CARANZA · age_up feudal |
| 13:02 | Vhl.Insanity · wall_segment Palisade Wall x7 |
| 13:03 | Vhl.Insanity · wall_segment Palisade Wall x1 |
| 13:20 | Lil' Bị · first_building Barracks |
| 13:48 | Vhl.Insanity · wall_segment Palisade Wall x2 |
| 13:50 | Vhl.Insanity · wall_segment Palisade Wall x2 |
| 14:02 | 法式奶油煎餅佐奶油泥 · age_up feudal |
| 14:02 | AI (HD Version) · age_up feudal |
| 14:17 | MorikawaKouichi · wall_segment Palisade Wall x4 |
| 14:18 | MorikawaKouichi · wall_segment Palisade Wall x1 |
| 14:28 | Vhl.Insanity · first_building Barracks |
| 14:29 | MorikawaKouichi · wall_segment Palisade Wall x1 |
| 14:34 | MorikawaKouichi · wall_segment Palisade Wall x4 |
| 14:44 | Vhl.Insanity · wall_segment Palisade Wall x4 |
| 14:46 | CARANZA · first_building Archery Range |
| 14:56 | Mora · age_up feudal |
| 15:16 | 法式奶油煎餅佐奶油泥 · wall_segment Palisade Wall x1 |
| 15:19 | 法式奶油煎餅佐奶油泥 · wall_segment Palisade Wall x1 |
| 15:19 | Vhl.Insanity · age_up feudal |
| 15:23 | Lil' Bị · age_up feudal |
| 15:29 | CARANZA · first_building Stable |
| 15:29 | Vhl.Insanity · first_building Stable |
| 15:34 | CARANZA · wall_segment Palisade Wall x5 |
| 15:52 | MorikawaKouichi · age_up feudal |
| 15:59 | MorikawaKouichi · first_building Stable |
| 16:04 | tomtom · age_up feudal |
| 16:05 | Vhl.Insanity · wall_segment Palisade Wall x10 |
| 16:10 | Lil' Bị · first_building Archery Range |
| 16:11 | MorikawaKouichi · wall_segment Stone Wall x4 |
| 16:17 | MorikawaKouichi · wall_segment Stone Wall x4 |
| 16:20 | 法式奶油煎餅佐奶油泥 · first_building Barracks |
| 16:27 | Vhl.Insanity · wall_segment Palisade Wall x1 |
| 16:31 | Vhl.Insanity · wall_segment Palisade Wall x1 |
| 16:31 | MorikawaKouichi · wall_segment Stone Wall x5 |
| 16:34 | Vhl.Insanity · wall_segment Palisade Wall x1 |
| 16:45 | MorikawaKouichi · wall_segment Stone Wall x1 |
| 16:50 | MorikawaKouichi · wall_segment Stone Wall x1 |
| 16:51 | MorikawaKouichi · wall_segment Stone Wall x1 |
| 16:59 | MorikawaKouichi · wall_segment Stone Wall x4 |
| 17:38 | 法式奶油煎餅佐奶油泥 · first_building Stable |
| 18:28 | MorikawaKouichi · wall_segment Stone Wall x2 |
| 18:28 | CARANZA · age_up castle |
| 18:37 | 法式奶油煎餅佐奶油泥 · age_up castle |
| 19:05 | MorikawaKouichi · wall_segment Stone Wall x4 |
| 19:11 | MorikawaKouichi · wall_segment Stone Wall x1 |
| 19:17 | Mora · age_up castle |
| 19:25 | AI (HD Version) · age_up castle |
| 19:39 | 法式奶油煎餅佐奶油泥 · first_market_buy 100 food |
| 19:50 | AI (HD Version) · first_building Castle |
| 20:16 | MorikawaKouichi · wall_segment Stone Wall x6 |
| 20:55 | AI (HD Version) · first_building Dock |
| 20:56 | Vhl.Insanity · age_up castle |
| 21:03 | MorikawaKouichi · age_up castle |
| 21:29 | Lil' Bị · wall_segment Palisade Wall x1 |
| 21:33 | Lil' Bị · wall_segment Palisade Wall x1 |
| 21:48 | Mora · first_building Barracks |
| 22:13 | Mora · first_building Castle |
| 22:21 | Vhl.Insanity · first_market_buy 100 stone |
| 22:29 | Vhl.Insanity · first_building Castle |
| 23:52 | Lil' Bị · wall_segment Palisade Wall x5 |
| 23:57 | Lil' Bị · wall_segment Palisade Wall x4 |
| 24:00 | Mora · wall_segment Palisade Wall x11 |
| 24:31 | 法式奶油煎餅佐奶油泥 · first_building Siege Workshop |
| 24:57 | Mora · wall_segment Palisade Wall x1 |
| 25:03 | CARANZA · wall_segment Palisade Wall x1 |
| 25:53 | tomtom · first_market_buy 100 wood |
| 25:55 | Mora · wall_segment Palisade Wall x6 |
| 26:02 | tomtom · first_market_sell 100 stone |
| 27:59 | Lil' Bị · age_up castle |
| 28:32 | Mora · wall_segment Stone Wall x11 |
| 28:51 | 法式奶油煎餅佐奶油泥 · first_building Castle |
| 29:14 | Mora · first_building Siege Workshop |
| 29:16 | Mora · first_building Stable |
| 29:23 | 法式奶油煎餅佐奶油泥 · wall_segment Stone Wall x1 |
| 29:25 | 法式奶油煎餅佐奶油泥 · wall_segment Palisade Wall x1 |
| 30:03 | AI (HD Version) · first_market_buy 100 food |
| 30:05 | CARANZA · first_building Siege Workshop |
| 30:23 | Mora · wall_segment Stone Wall x12 |
| 30:53 | Mora · wall_segment Palisade Wall x1 |
| 31:00 | Vhl.Insanity · tribute_sent a jugador 1 |
| 31:00 | Vhl.Insanity · tribute_sent a jugador 2 |
| 31:00 | Vhl.Insanity · tribute_sent a jugador 3 |
| 31:00 | Vhl.Insanity · tribute_sent a jugador 4 |
| 31:00 | Vhl.Insanity · tribute_sent a jugador 5 |
| 31:00 | Vhl.Insanity · tribute_sent a jugador 6 |
| 31:00 | Vhl.Insanity · tribute_sent a jugador 7 |
| 31:34 | Lil' Bị · first_building Stable |
| 32:30 | 法式奶油煎餅佐奶油泥 · wall_segment Stone Wall x1 |
| 32:33 | MorikawaKouichi · first_building Castle |
| 32:46 | Mora · first_building Archery Range |
| 33:19 | CARANZA · wall_segment Stone Wall x1 |
| 33:32 | 法式奶油煎餅佐奶油泥 · first_market_sell 100 wood |
| 33:34 | Mora · first_market_buy 100 stone |
| 33:36 | AI (HD Version) · age_up imperial |
| 33:50 | 法式奶油煎餅佐奶油泥 · first_building Monastery |
| 33:56 | 法式奶油煎餅佐奶油泥 · wall_segment Stone Wall x6 |
| 33:56 | 法式奶油煎餅佐奶油泥 · wall_segment Stone Wall x1 |
| 34:49 | AI (HD Version) · first_building Siege Workshop |
| 35:16 | CARANZA · first_building Castle |
| 36:12 | Lil' Bị · first_building Siege Workshop |
| 36:37 | Mora · wall_segment Stone Wall x2 |
| 37:18 | MorikawaKouichi · wall_segment Stone Wall x1 |
| 38:40 | 法式奶油煎餅佐奶油泥 · first_building Archery Range |
| 38:45 | CARANZA · wall_segment Stone Wall x4 |
| 38:57 | CARANZA · wall_segment Stone Wall x9 |
| 39:03 | CARANZA · wall_segment Stone Wall x5 |
| 39:32 | 法式奶油煎餅佐奶油泥 · wall_segment Palisade Wall x7 |
| 39:42 | Vhl.Insanity · age_up imperial |
| 39:47 | Mora · first_building Monastery |
| 39:48 | CARANZA · age_up imperial |
| 39:59 | 法式奶油煎餅佐奶油泥 · wall_segment Palisade Wall x1 |
| 40:20 | tomtom · age_up castle |
| 40:21 | AI (HD Version) · first_building Stable |
| 40:24 | AI (HD Version) · first_building Archery Range |
| 40:25 | Lil' Bị · first_building Castle |
| 40:35 | Vhl.Insanity · first_building Siege Workshop |
| 40:51 | 法式奶油煎餅佐奶油泥 · wall_segment Stone Wall x4 |
| 40:52 | 法式奶油煎餅佐奶油泥 · wall_segment Stone Wall x1 |
| 41:40 | Vhl.Insanity · first_building Archery Range |
| 42:03 | Mora · age_up imperial |
| 42:27 | tomtom · wall_segment Palisade Wall x1 |
| 42:59 | tomtom · first_building Barracks |
| 43:05 | tomtom · wall_segment Palisade Wall x1 |
| 43:10 | tomtom · wall_segment Palisade Wall x1 |
| 43:23 | Lil' Bị · first_market_sell 100 wood |
| 43:29 | Lil' Bị · first_market_buy 500 food |
| 43:39 | Mora · wall_segment Stone Wall x1 |
| 43:44 | Mora · wall_segment Stone Wall x9 |
| 43:55 | CARANZA · first_market_buy 100 food |
| 44:16 | tomtom · first_building Archery Range |
| 45:13 | Mora · tribute_sent a jugador 1 |
| 45:13 | Mora · tribute_sent a jugador 3 |
| 45:13 | Mora · tribute_sent a jugador 4 |
| 45:13 | Mora · tribute_sent a jugador 5 |
| 45:13 | Mora · tribute_sent a jugador 6 |
| 45:13 | Mora · tribute_sent a jugador 7 |
| 45:13 | Mora · tribute_sent a jugador 8 |
| 46:44 | Lil' Bị · age_up imperial |
| 46:49 | Lil' Bị · wall_segment Stone Wall x10 |
| 47:54 | MorikawaKouichi · age_up imperial |
| 48:34 | 法式奶油煎餅佐奶油泥 · age_up imperial |
| 49:43 | MorikawaKouichi · first_market_sell 500 stone |
| 50:05 | CARANZA · wall_segment Stone Wall x1 |
| 50:32 | CARANZA · wall_segment Stone Wall x9 |
| 50:46 | Mora · wall_segment Stone Wall x14 |
| 50:47 | Mora · wall_segment Stone Wall x4 |
| 51:17 | CARANZA · wall_segment Stone Wall x5 |
| 51:51 | CARANZA · first_building Monastery |
| 53:00 | CARANZA · first_market_sell 100 food |
| 61:42 | CARANZA · wall_segment Stone Wall x6 |
| 61:59 | Vhl.Insanity · resign |
| 65:53 | Mora · wall_segment Palisade Wall x1 |
| 65:57 | Mora · wall_segment Palisade Wall x1 |
| 66:00 | Mora · wall_segment Palisade Wall x2 |
| 67:46 | 法式奶油煎餅佐奶油泥 · wall_segment Stone Wall x1 |
| 67:48 | 法式奶油煎餅佐奶油泥 · wall_segment Stone Wall x1 |
| 67:53 | 法式奶油煎餅佐奶油泥 · wall_segment Stone Wall x1 |
[ AI ANALYSIS · 1 CREDIT ]
What really happened in this match?
Wolo.gg analyzes every decision: build order, eco, micro, common mistakes by bracket. Personalized analysis on WhatsApp or Discord in 30 seconds.
Civ guide
Teutons
Perfil
Jugador #4031613